[Event "*** SCC Grand Prix: Titled Tuesday Blitz"]
[Site "Chess.com"]
[Date "2020.08.25"]
[Round "9"]
[White "rugbyclub"]
[Black "Cambek64"]
[Result "1-0"]
[WhiteElo "2174"]
[BlackElo "2319"]
[TimeControl "180+1"]
[EndTime "11:46:52 PDT"]
[Termination "rugbyclub won by resignation"]

1. e4 c5 2. Nf3 e6 3. d4 cxd4 4. Nxd4 Nf6 5. Nc3 Bb4 6. e5 Nd5 7. Bd2 Nxc3 8. bxc3 Be7 9. Qg4 O-O 10. Bh6 g6 11.
Bxf8 Bxf8 12. h4 Qa5 13. Ne2 Qxe5 14. h5 Nc6 15. hxg6 hxg6 16. O-O-O Ba3+ 17. Kd2 d5 18. Nd4 Bd7 19. Bd3 Qg7 20. Qh4 Rc8 21. Rh2 Bb2 22.
Rdh1 Bxc3+ 23. Kxc3 Nxd4+ 24. Kd2 Kf8 25. a4 Bxa4 26.
Qh8+ Qxh8 27. Rxh8+ Ke7 28. Rxc8 Bc6 29. c3 Nb3+ 30.
Ke3 Nc5 31. Rh7 Kf6 32. Rf8 e5 33. Rfxf7+ Ke6 34. Bxg6 Kd6 35. Rf6+ Ne6 36. Bf5 1-0

[Event "*** SCC Grand Prix: Titled Tuesday Blitz"]
[Site "Chess.com"]
[Date "2020.08.25"]
[Round "9"]
[White "mbojan"]
[Black "korbul"]
[Result "1-0"]
[WhiteElo "2778"]
[BlackElo "2545"]
[TimeControl "180+1"]
[EndTime "11:46:53 PDT"]
[Termination "mbojan won by checkmate"]

1. e4 c5 2. Nf3 e6 3. d4 cxd4 4.
Nxd4 Nf6 5. Nc3 d6 6. g4 a6 7. g5 Nfd7 8. h4 b5 9. a3 Bb7 10. Qg4 Nc6 11. Be3 Nce5 12. Qg3 Rc8 13. h5 Be7 14. f4 Nc4 15. Bxc4 Rxc4 16. O-O-O Rxc3 17. bxc3 Bxe4 18. Rhe1 d5 19. g6 Bxa3+ 20. Kd2 Nb6 21.
gxf7+ Kxf7 22. Ra1 Nc4+ 23. Ke2 Qf6 24. Rg1 Rc8 25. Bc1 Bf8 26. Rxa6 Nd6 27. Ra7+ Be7 28. Qxg7+ Qxg7 29. Rxg7+ Kxg7 30. Rxe7+ Kf8 31. Rxe6 Nc4 32. f5 Re8 33. Kf2 Kf7 34. Bg5 Ne5 35. Rf6+ Kg8 36.
Re6 Ng4+ 37. Kg3 Kf7 38. Kxg4 Rg8 39. Re7+ Kf8 40. Ne6# 1-0

[Event "*** SCC Grand Prix: Titled Tuesday Blitz"]
[Site "Chess.com"]
[Date "2020.08.25"]
[Round "9"]
[White "Dinamo3"]
[Black "Dannyyi"]
[Result "1-0"]
[WhiteElo "2486"]
[BlackElo "2345"]
[TimeControl "180+1"]
[EndTime "11:46:53 PDT"]
[Termination "Dinamo3 won on time"]

1. e4 e5 2. Nf3 Nc6 3. Bc4 Nf6 4. d3 Bc5 5. O-O d6 6. c3 h6 7. Nbd2 a5 8. Re1 O-O 9. Nf1 Ba7 10. Bb3 Re8 11.
Ng3 Ne7 12. Nh4 Nh7 13. Qh5 Be6 14. h3 Rf8 15. Nhf5 Bxb3 16. axb3 Ng6 17. Bxh6 Nf6 18.
Qg5 gxh6 19. Qxh6 Ne8 20. Nh5 Ne7 21. Nfg7 f6 22. Nxe8 Kf7 23. Nexf6 Rh8 24. Qg7+ Ke6 25. d4 c6 26. f4 1-0

[Event "*** SCC Grand Prix: Titled Tuesday Blitz"]
[Site "Chess.com"]
[Date "2020.08.25"]
[Round "9"]
[White "Volodar_Murzin"]
[Black "MestreSoares"]
[Result "1-0"]
[WhiteElo "2617"]
[BlackElo "2153"]
[TimeControl "180+1"]
[EndTime "11:46:53 PDT"]
[Termination "Volodar_Murzin won by resignation"]

1. e4 Nf6 2. e5 Nd5 3. Nf3 d6 4.
d4 Bg4 5. Bc4 e6 6. O-O Nb6 7.
Be2 Be7 8. h3 Bh5 9. Nbd2 O-O 10. c3 d5 11. Nb3 N8d7 12. g4 Bg6 13. Be3 c6 14. Nfd2 f5 15. f4 Nc8 16. Nc1 b5 17.
Nd3 Ncb6 18. b3 Rc8 19. Nc5 Nxc5 20. dxc5 Nd7 21. b4 a5 22. Nb3 axb4 23. cxb4 fxg4 24. Bxg4 Bf5 25. Nd4 g6 26. Nxe6 Bxe6 27. Bxe6+ Kh8 28.
Bd4 Kg7 29. Bxd7 1-0

[Event "*** SCC Grand Prix: Titled Tuesday Blitz"]
[Site "Chess.com"]
[Date "2020.08.25"]
[Round "9"]
[White "Beca95"]
[Black "Iskusnyh"]
[Result "1-0"]
[WhiteElo "2872"]
[BlackElo "2604"]
[TimeControl "180+1"]
[EndTime "11:46:54 PDT"]
[Termination "Beca95 won on time"]

1. d4 d5 2. c4 c6 3. Nc3 Nf6 4. Nf3 a6 5. Qb3 e6 6. Bg5 Nbd7 7. e3 Be7 8. cxd5 exd5 9. Bd3 O-O 10. Qc2 Re8 11. h3 Nf8 12. Ne5 N6d7 13. Bxe7 Qxe7 14. Nf3 Nf6 15. O-O-O Bd7 16. g4 Rac8 17. Kb1 c5 18. dxc5 Rxc5 19. Nd4 Rec8 20. Qb3 b5 21. g5 Ne4 22.
Bxe4 dxe4 23. h4 Qe5 24. h5 Qxg5 25. Nxe4 Bf5 26. Nxf5 Qxf5 27. f3 Rc4 28. Rhf1 Ne6 29. Qd3 h6 30. Rg1 Ng5 31. b3 R4c7 32. Qd4 Qxf3 33.
Nd6 Rd8 34. e4 Rcd7 35. e5 Ne6 36. Qd2 Rc7 37. Rdf1 1-0

[Event "*** SCC Grand Prix: Titled Tuesday Blitz"]
[Site "Chess.com"]
[Date "2020.08.25"]
[Round "9"]
[White "barbara25"]
[Black "Supernotar"]
[Result "0-1"]
[WhiteElo "2318"]
[BlackElo "2726"]
[TimeControl "180+1"]
[EndTime "11:46:55 PDT"]
[Termination "Supernotar won by resignation"]

1. f4 g6 2. e4 Bg7 3. Nc3 c5 4. Nf3 Nc6 5. Be2 e6 6. O-O Nge7 7. d3 d6 8. Kh1 O-O 9. Rb1 Nd4 10. Nxd4 cxd4 11.
Nb5 a6 12. Na3 b5 13. c3 dxc3 14. bxc3 Bxc3 15. d4 Nc6 16. Be3 d5 17. e5 Ne7 18.
Bd3 Bd7 19. g4 Rc8 20. Qe2 f5 21. exf6 Rxf6 22. f5 exf5 23. Bg5 Re6 24. Qf3 Re4 25. Bxe4 dxe4 26. Qf2 e3 27. Bxe3 Bc6+ 28. Kg1 Qd5 29.
Qg3 Rf8 30. Rbc1 Qh1+ 31. Kf2 fxg4+ 32. Ke2 Rxf1 33. Rxf1 Qg2+ 34. Qxg2 Bxg2 35. Rc1 Bf3+ 36. Kd3 Bb2 37. Rc7 Bxa3 38. Ra7 Nc6 39. Rc7 Nb4+ 40.
Kc3 Nd5+ 0-1

[Event "*** SCC Grand Prix: Titled Tuesday Blitz"]
[Site "Chess.com"]
[Date "2020.08.25"]
[Round "9"]
[White "giantslayer83"]
[Black "stolencandy13"]
[Result "1-0"]
[WhiteElo "2706"]
[BlackElo "2512"]
[TimeControl "180+1"]
[EndTime "11:46:56 PDT"]
[Termination "giantslayer83 won by resignation"]

1. c4 c6 2. Nf3 Nf6 3. Nc3 d5 4. e3 g6 5. d4 Bg7 6. h3 O-O 7. Be2 dxc4 8. Bxc4 b5 9. Bb3 Bb7 10. O-O a6 11. e4 c5 12. e5 Nfd7 13. Bf4 cxd4 14.
Qxd4 Nc6 15. Qe3 e6 16. Rfd1 Qc7 17. Rac1 Rfd8 18. Bg5 Ncxe5 19. Nxe5 Nxe5 20. Bxd8 Rxd8 21. Nd5 Qa5 22. Ne7+ Kf8 23. Qc5 Ke8 24. Rxd8+ Qxd8 25. Nc8 Nd3 26. Nd6+ Kd7 27. Nxb7 Nxc5 28. Rd1+ Kc7 29.
Nxd8 Nxb3 30. axb3 Bf6 31. Nxf7 1-0

[Event "*** SCC Grand Prix: Titled Tuesday Blitz"]
[Site "Chess.com"]
[Date "2020.08.25"]
[Round "9"]
[White "JesseKraai"]
[Black "novocane"]
[Result "1-0"]
[WhiteElo "2531"]
[BlackElo "2263"]
[TimeControl "180+1"]
[EndTime "11:46:56 PDT"]
[Termination "JesseKraai won by resignation"]

1. d4 Nf6 2. c4 e6 3. Nc3 Bb4 4. e3 O-O 5. Nf3 c5 6. Bd3 d5 7.
O-O cxd4 8. exd4 dxc4 9. Bxc4 b6 10. Bg5 Bb7 11. Rc1 Nbd7 12. Re1 Rc8 13. Bd3 h6 14.
Bh4 Be7 15. Bb1 Nd5 16. Qd3 N5f6 17. Ne5 Nxe5 18. dxe5 Qxd3 19. Bxd3 Nd5 20. Bxe7 Nxe7 21. Nb5 Rxc1 22. Rxc1 a6 23. Nd6 Bd5 24. Rc7 Ng6 25.
Bxg6 fxg6 26. b3 a5 27. f3 Rd8 28. Kf2 Ra8 29. h4 g5 30. h5 Kf8 31. Rf7+ Kg8 32.
Rc7 a4 33. bxa4 Rxa4 34. Rc8+ Kh7 35. Nf7 Rxa2+ 36. Kg3 g6 37. Rc7 gxh5 38. Nxg5+ Kg6 39. Nh3 h4+ 40. Kxh4 Rxg2 41. Nf4+ Kf5 42. Nxg2 Bxf3 43. Kg3 Bd5 1-0

[Event "*** SCC Grand Prix: Titled Tuesday Blitz"]
[Site "Chess.com"]
[Date "2020.08.25"]
[Round "9"]
[White "Chessdreamer2020"]
[Black "mapleaff"]
[Result "0-1"]
[WhiteElo "2458"]
[BlackElo "2355"]
[TimeControl "180+1"]
[EndTime "11:47:00 PDT"]
[Termination "mapleaff won by checkmate"]

1. e4 e5 2. Nf3 Nc6 3. Bb5 Nf6 4. d3 Bc5 5. O-O Nd4 6. Nxd4 Bxd4 7. c3 Bb6 8. Bg5 h6 9. Be3 c6 10. Ba4 O-O 11.
Nd2 d5 12. Bxb6 Qxb6 13. Bb3 Bg4 14. Qc2 Rad8 15. Rfe1 Rfe8 16. Nf1 Bh5 17. Ng3 Bg6 18. Qe2 dxe4 19. dxe4 Rd7 20. Rad1 Red8 21. Rxd7 Rxd7 22. Rd1 Qd8 23. Rxd7 Qxd7 24. f3 h5 25. Nf1 h4 26.
Qd2 Qe7 27. g4 Nh7 28. Kg2 Ng5 29. Qe3 a5 30. a4 Qf6 31. Nd2 Qd8 32. Nc4 Qf6 33.
Nxa5 h3+ 34. Kg3 Bxe4 35. fxe4 Qf1 36. Qf4 Qxf4+ 37. Kh4 Nf3+ 38. Kxh3 Qxh2# 0-1

[Event "*** SCC Grand Prix: Titled Tuesday Blitz"]
[Site "Chess.com"]
[Date "2020.08.25"]
[Round "9"]
[White "Shield12"]
[Black "Skatchkov_V"]
[Result "0-1"]
[WhiteElo "2834"]
[BlackElo "2706"]
[TimeControl "180+1"]
[EndTime "11:47:01 PDT"]
[Termination "Skatchkov_V won by resignation"]

1. e4 e5 2. Nf3 Nf6 3. Nc3 Nc6 4. Be2 d5 5. Bb5 Nxe4 6. Qe2 Nxc3 7. Qxe5+ Qe7 8. dxc3 Bd7 9. Qxe7+ Bxe7 10. Bf4 O-O-O 11. O-O-O Bg4 12. Rde1 Rhe8 13. Ne5 Bd6 14. Bxc6 bxc6 15.
Nd3 Bf5 16. Bxd6 cxd6 17. Nf4 g5 18. Nh5 Bg6 19. Nf6 Re6 20. Rxe6 fxe6 21. h4 gxh4 22. Rxh4 Rf8 23. Ng4 h5 24. Ne3 Rxf2 25. g4 Rf4 26. Kd2 c5 27. Rh2 hxg4 28. Rh6 Be4 29. Rxe6 g3 30.
Rxd6 Rf2+ 31. Ke1 Rf3 32. Ke2 Rf2+ 33. Ke1 Rh2 34. Rc6+ Kd7 35. Rxc5 Bf3 36. Nxd5 g2 37.
Kf2 Rh1 0-1

[Event "*** SCC Grand Prix: Titled Tuesday Blitz"]
[Site "Chess.com"]
[Date "2020.08.25"]
[Round "9"]
[White "Dr_crypt"]
[Black "Ginger_GM"]
[Result "0-1"]
[WhiteElo "2398"]
[BlackElo "2572"]
[TimeControl "180+1"]
[EndTime "11:47:02 PDT"]
[Termination "Ginger_GM won by resignation"]

1. d4 d5 2. c4 e5 3. e3 Nc6 4. cxd5 Qxd5 5. Nc3 Bb4 6. Bd2 Bxc3 7. bxc3 Nf6 8. Qb3 Qd6 9. Bb5 O-O 10. Bxc6 Qxc6 11. Nf3 Be6 12. Qb2 exd4 13. cxd4 Qa6 14. Rc1 Ne4 15.
Bb4 Rfc8 16. Nd2 Nxd2 17. Qxd2 Qxa2 18. Qxa2 Bxa2 19. Kd2 a5 20. Bc3 Bd5 21. Ra1 a4 22. f3 f5 23. Rhe1 Re8 24. Bb4 Kf7 25. Ba3 b5 26. Rac1 c6 27. e4 fxe4 28. fxe4 Rxe4 29. Rxe4 Bxe4 30. Rf1+ Ke6 31. Kc3 Rd8 32. g3 h5 33.
Rf4 Bd5 34. h4 Re8 35. Rf8 Rxf8 36. Bxf8 g6 37. Kb4 Kf5 38. Bd6 Ke4 39. Bc5 Kd3 40.
Ka3 Kc3 41. Bb6 b4+ 42. Kxa4 b3 43. Ba5+ Kc2 0-1

[Event "*** SCC Grand Prix: Titled Tuesday Blitz"]
[Site "Chess.com"]
[Date "2020.08.25"]
[Round "9"]
[White "serena-maria"]
[Black "ChessWarrior3"]
[Result "1-0"]
[WhiteElo "2298"]
[BlackElo "2121"]
[TimeControl "180+1"]
[EndTime "11:47:02 PDT"]
[Termination "serena-maria won by resignation"]

1. Nf3 c5 2. g3 Nc6 3. d4 cxd4 4.
Nxd4 g6 5. Bg2 Bg7 6. Nb3 Nf6 7. Nc3 Kf8 8. O-O e6 9. Qd6+ Qe7 10. Bf4 h6 11.
Rfd1 g5 12. Qxe7+ Kxe7 13. Bd6+ Kd8 14. Nb5 a6 15. Bc7+ Ke7 16. Bd6+ Kd8 17. Bc7+ Ke7 18. Nd6 Ne8 19. Nxe8 Rxe8 20. Bd6+ Kf6 21. a4 Kg6 22. c3 b6 23. Bc7 Bb7 24. Rxd7 b5 25. Nc5 Nb8 26. Bxb7 Nxd7 27. Nxd7 Ra7 28. Nc5 Re7 29.
Bb6 Raxb7 30. Nxb7 Rxb7 31. a5 Be5 32. Rd1 Kf6 33.
Rd8 Ke7 34. Ra8 b4 35. cxb4 Bxb2 36. Rxa6 Kd6 37. Bd4+ Kd5 38. Bxb2 Rxb4 39. Bg7 Ke4 40. Bxh6 Kf5 41. Bf8 Ra4 42. Ra8 Kg4 43. Kg2 Ra2 44.
h3+ Kf5 45. e3 Ke4 46. Bc5 f5 47. a6 f4 48. gxf4 gxf4 49. exf4 Kxf4 50. Be3+ Ke4 51.
a7 Kd3 52. Rd8+ Ke2 53. a8=Q Rxa8 54. Rxa8 e5 55. h4 e4 56. h5 Ke1 57. h6 Ke2 58.
h7 Ke1 59. Ra2 Kd1 60. h8=R 1-0

[Event "*** SCC Grand Prix: Titled Tuesday Blitz"]
[Site "Chess.com"]
[Date "2020.08.25"]
[Round "9"]
[White "olksuna"]
[Black "Kobalia"]
[Result "1/2-1/2"]
[WhiteElo "2643"]
[BlackElo "2765"]
[TimeControl "180+1"]
[EndTime "11:47:03 PDT"]
[Termination "Game drawn by repetition"]

1. Nf3 d5 2. g3 c6 3. Bg2 Bg4 4. O-O e6 5. h3 Bh5 6. d4 Nf6 7.
c4 Be7 8. Nc3 dxc4 9. b3 cxb3 10.
Qxb3 Qc8 11. Rb1 b6 12. Bg5 O-O 13. Rfc1 Nbd7 14. Ne5 Nxe5 15. dxe5 Nd5 16. Nxd5 Bxg5 17. Rxc6 Qd8 18. Rd6 Qc8 19. h4 exd5 20. hxg5 Qf5 21.
Bxd5 Rae8 22. e6 Qxg5 23. exf7+ Bxf7 24. Rd1 Re7 25. Bxf7+ Rexf7 26. Rd7 Qf5 27. Rxf7 Qxf7 28. Rd7 Qxb3 29. axb3 Rf7 30. Rd8+ Rf8 31. Rd7 Rf7 32.
Rd8+ Rf8 33. Rd7 1/2-1/2

[Event "*** SCC Grand Prix: Titled Tuesday Blitz"]
[Site "Chess.com"]
[Date "2020.08.25"]
[Round "9"]
[White "nitpicker"]
[Black "Logman74"]
[Result "0-1"]
[WhiteElo "2223"]
[BlackElo "2381"]
[TimeControl "180+1"]
[EndTime "11:47:04 PDT"]
[Termination "Logman74 won by resignation"]

1. d4 Nf6 2. c4 e6 3. g3 Bb4+ 4. Bd2 c5 5. Bxb4 cxb4 6. Bg2 d6 7. e3 O-O 8. Ne2 a5 9. Nd2 d5 10. a3 bxa3 11. Rxa3 Nc6 12. O-O b6 13. f4 Nb4 14.
b3 Ba6 15. Ra1 Rc8 16. Qb1 dxc4 17. bxc4 Bxc4 18. Nxc4 Rxc4 19. Rd1 Nfd5 20. Qe4 Nc2 21. Qd3 Ndxe3 22. Rdc1 b5 23. Rab1 Nxg2 24. Rxc2 Rxc2 25.
Qxc2 Ne3 26. Qd3 Nd5 27. Rxb5 a4 28. Qa3 Qa8 29. Rb1 h5 30. h4 Rc8 31. Rb2 Qa5 32.
Kf2 g6 33. Ra2 Rc4 34. Qd6 Qb6 35. Qd7 Qb3 36. Rd2 Qe3+ 37. Ke1 Rc1+ 38. Rd1 Nc3 39. Qc8+ Kg7 40. Qxc3 Rxc3 0-1

[Event "*** SCC Grand Prix: Titled Tuesday Blitz"]
[Site "Chess.com"]
[Date "2020.08.25"]
[Round "9"]
[White "mishanick"]
[Black "swimmerchess"]
[Result "0-1"]
[WhiteElo "2955"]
[BlackElo "2847"]
[TimeControl "180+1"]
[EndTime "11:47:05 PDT"]
[Termination "swimmerchess won by checkmate"]

1. d4 Nf6 2. c4 g6 3. Nc3 Bg7 4. e4 d6 5. Be2 O-O 6. Be3 e5 7. d5 Na6 8. g4 Nc5 9. f3 h5 10. h4 a5 11. g5 Nh7 12. Qd2 f6 13. Nh3 Bxh3 14. Rxh3 fxg5 15. hxg5 Rf4 16. Bxf4 exf4 17. Qxf4 Be5 18. Qe3 Qf8 19. Nb5 Qf7 20. Rh1 Bxb2 21.
Rb1 Be5 22. Kd1 c6 23. dxc6 bxc6 24. Nd4 Rc8 25. Kc2 Bf4 26. Qc3 Nxg5 27. Nxc6 Nge6 28. Rb8 Rxb8 29. Nxb8 Be5 30. Qd2 Nd4+ 31. Kd1 Qb7 32.
f4 Qb1+ 33. Qc1 Qxe4 34. Re1 Bxf4 35. Qb2 Nd3 36. Qb1 Nf2# 0-1

[Event "*** SCC Grand Prix: Titled Tuesday Blitz"]
[Site "Chess.com"]
[Date "2020.08.25"]
[Round "9"]
[White "MFBerna"]
[Black "chessdjw"]
[Result "0-1"]
[WhiteElo "2449"]
[BlackElo "2600"]
[TimeControl "180+1"]
[EndTime "11:47:05 PDT"]
[Termination "chessdjw won on time"]

1. e4 Nf6 2. Nc3 d5 3. exd5 Nxd5 4. Qf3 Nxc3 5. dxc3 e6 6. Be3 Be7 7. Rd1 Nd7 8. Ne2 O-O 9. Nf4 Bd6 10. Be2 Ne5 11.
Qg3 Ng6 12. O-O Qf6 13. Nh5 Qf5 14. Qg5 Qxg5 15. Bxg5 b6 16. Bf3 Rb8 17. Ng3 f5 18. Rfe1 Kf7 19. Bh5 Bb7 20. Ne2 e5 21. Ng3 Ke6 22.
Be2 h6 23. Bc4+ Kd7 24. Bc1 Rbe8 25. Nh5 Re7 26. f3 Nh4 27. Re2 Nxf3+ 28. gxf3 Bxf3 29.
Ng3 e4 30. Bf4 g5 31. Bxd6 cxd6 32. Red2 Bxd1 33. Rxd1 f4 34. Ne2 f3 35. Nd4 e3 36.
Rf1 e2 0-1

[Event "*** SCC Grand Prix: Titled Tuesday Blitz"]
[Site "Chess.com"]
[Date "2020.08.25"]
[Round "9"]
[White "AndreyNeves"]
[Black "TomasKapitanchuk"]
[Result "0-1"]
[WhiteElo "2204"]
[BlackElo "2398"]
[TimeControl "180+1"]
[EndTime "11:47:05 PDT"]
[Termination "TomasKapitanchuk won by checkmate"]

1. d4 Nf6 2. c4 c5 3. d5 e6 4. Nc3 exd5 5. cxd5 d6 6. Nf3 g6 7.
Bf4 Bg7 8. h3 O-O 9. e3 Nh5 10.
Bh2 f5 11. Be2 f4 12. e4 Nd7 13. O-O a6 14. a4 Qe8 15. Nd2 Ne5 16. Bxh5 gxh5 17. Nf3 Qg6 18. Nxe5 Bxe5 19. Qf3 Bg4 20. Qd3 f3 21. Bxe5 Bxh3 22. Bg3 Bxg2 23. Qe3 Qg4 24.
Qh6 Rae8 25. Ne2 fxe2 26. Kxg2 Qxe4+ 27. Kh2 exf1=Q 28. Rxf1 Qg6 29. Qxg6+ hxg6 30. Bxd6 Rf5 31. Rd1 Rxf2+ 32. Kg3 Rxb2 33. Bxc5 Rc2 34. Bb4 Re3+ 35. Kf4 Rb3 36. Be7 Kf7 37. d6 Rc4+ 38. Kg5 Rc5+ 39.
Kh6 h4 40. d7 Rh5# 0-1

[Event "*** SCC Grand Prix: Titled Tuesday Blitz"]
[Site "Chess.com"]
[Date "2020.08.25"]
[Round "9"]
[White "Saxar85"]
[Black "Kildepiotr"]
[Result "1/2-1/2"]
[WhiteElo "2768"]
[BlackElo "2650"]
[TimeControl "180+1"]
[EndTime "11:47:06 PDT"]
[Termination "Game drawn by agreement"]

1. Nf3 g6 2. g3 Bg7 3. d4 Nf6 4. Bg2 O-O 5. O-O d5 6. c4 c6 7. b3 a5 8. Nc3 Ne4 9. Bb2 Na6 10. e3 Nxc3 11. Bxc3 a4 12. cxd5 cxd5 13. bxa4 Bd7 14.
Rb1 Ra7 15. a5 Bf5 16. Rb2 Be4 17. Qb3 Nb8 18. Ne5 Bxg2 19. Kxg2 Bxe5 20. dxe5 Nc6 21. Rd1 e6 22. e4 d4 23. Qc4 Nxa5 24. Qxd4 Qxd4 25.
Bxd4 Ra6 26. Bc5 Rc8 27. Be7 Nc4 28. Rxb7 Nxe5 29. a3 Kg7 30. Bb4 Rc2 31. h3 Rac6 32.
Rd2 Rxd2 33. Bxd2 Rc2 34. Be3 Nc4 35. Bc5 e5 36. Rc7 Nxa3 37. Kf3 Rc3+ 38. Ke2 Nb5 39. Rc8 Nd4+ 40. Kd1 Rd3+ 41. Ke1 g5 42. Bxd4 Rxd4 43. f3 f6 1/2-1/2

[Event "*** SCC Grand Prix: Titled Tuesday Blitz"]
[Site "Chess.com"]
[Date "2020.08.25"]
[Round "9"]
[White "Vamostodorecto"]
[Black "MikeSailer"]
[Result "1-0"]
[WhiteElo "2327"]
[BlackElo "2174"]
[TimeControl "180+1"]
[EndTime "11:47:07 PDT"]
[Termination "Vamostodorecto won on time"]

1. d4 d5 2. c4 Bf5 3. cxd5 Bxb1 4. Qa4+ c6 5. dxc6 Nxc6 6. Rxb1 e5 7. Nf3 Bb4+ 8. Bd2 Bxd2+ 9. Nxd2 exd4 10. g3 Ne7 11.
Bg2 O-O 12. O-O Rc8 13. b4 a6 14. b5 Qa5 15. Qxa5 Nxa5 16. Nb3 Nxb3 17. Rxb3 axb5 18. Rxb5 Rc2 19. Rxb7 Nf5 20. Be4 Rxe2 21. Bxf5 Rxa2 22.
Rd1 g6 23. Be4 Rd8 24. Rb4 f5 25. Bf3 d3 26. Rb5 Kg7 27. Rd5 Rxd5 28. Bxd5 Ra5 29. Rxd3 Kf6 30. f4 h6 31. Bf3 Ra6 32. Rc3 Kg7 33.
Rc7+ Kf8 34. h4 Ra3 35. Kg2 Ra2+ 36. Kh3 Ra3 37. Bd5 Rd3 38. Bf7 Re3 39. Bxg6 1-0

[Event "*** SCC Grand Prix: Titled Tuesday Blitz"]
[Site "Chess.com"]
[Date "2020.08.25"]
[Round "9"]
[White "GelmanAlexander"]
[Black "ketster"]
[Result "0-1"]
[WhiteElo "2542"]
[BlackElo "2455"]
[TimeControl "180+1"]
[EndTime "11:47:10 PDT"]
[Termination "ketster won on time"]

1. d4 Nf6 2. Nc3 d5 3. Bf4 a6 4. e3 c5 5. Nf3 Nc6 6. Ne5 e6 7. g4 cxd4 8. exd4 Qb6 9. Nxc6 bxc6 10. Na4 Qa5+ 11. c3 e5 12. dxe5 Nxg4 13. b4 Bxb4 14.
cxb4 Qxb4+ 15. Bd2 Qe4+ 16. Qe2 Qxh1 17. Nb6 Nxh2 18.
Nxa8 Bg4 19. Qxa6 O-O 20. Be3 Nf3+ 21. Kd1 d4 22. Bf4 Nxe5+ 23. Kc1 Ng6 24. Bg3 c5 25. Nc7 h5 26. Kd2 h4 27. Bd6 Rd8 28. Re1 Qf3 29. Be2 Qc3+ 30. Kd1 Bf5 0-1

[Event "*** SCC Grand Prix: Titled Tuesday Blitz"]
[Site "Chess.com"]
[Date "2020.08.25"]
[Round "9"]
[White "Izoria123"]
[Black "GukeshDommaraju"]
[Result "1-0"]
[WhiteElo "2852"]
[BlackElo "2713"]
[TimeControl "180+1"]
[EndTime "11:47:11 PDT"]
[Termination "Izoria123 won by resignation"]

1. e4 c5 2. Nf3 Nc6 3. Nc3 e5 4. Bc4 Be7 5. g4 d6 6. Rg1 Be6 7. d3 Nf6 8. g5 Nd7 9. Be3 Nb6 10. Nd5 Bxd5 11. Bxd5 Nxd5 12. exd5 Nd4 13. c3 Nxf3+ 14.
Qxf3 Qd7 15. O-O-O b5 16. Kb1 a5 17. Qe4 b4 18. c4 a4 19. h4 O-O-O 20. f4 f5 21.
gxf6 Bxf6 22. fxe5 Bxe5 23. Bxc5 Rde8 24. Bxb4 Bxb2 25. Qg4 Qxg4 26. Rxg4 Bf6 27. Kc2 Kd7 28. Re4 Rxe4 29. dxe4 Bxh4 30. e5 dxe5 31. c5 Bf6 32. c6+ Kc7 33. Rb1 h5 34. Ba3 Rd8 35. Rb7+ Kc8 36.
d6 Rg8 1-0

[Event "*** SCC Grand Prix: Titled Tuesday Blitz"]
[Site "Chess.com"]
[Date "2020.08.25"]
[Round "9"]
[White "Zq1"]
[Black "crescentmoon2411"]
[Result "0-1"]
[WhiteElo "2534"]
[BlackElo "2764"]
[TimeControl "180+1"]
[EndTime "11:47:11 PDT"]
[Termination "crescentmoon2411 won by resignation"]

1. Nf3 Nf6 2. c4 c5 3. Nc3 Nc6 4. d4 cxd4 5. Nxd4 e6 6. a3 Be7 7.
g3 Qb6 8. Nb3 Ne5 9. e4 Nfg4 10.
c5 Bxc5 11. Nxc5 Qxc5 12. Qe2 b6 13. Nb5 Ba6 14. a4 Rc8 15. f3 Qb4+ 16. Bd2 Qxb2 17. Rd1 Bxb5 18. axb5 Nf6 19. Bg2 Rc2 20. f4 Nc4 21. e5 Nd5 22. Bxd5 exd5 23. Qd3 O-O 24. h4 Rc8 25. Rh2 d4 26. h5 Ne3 27. h6 g6 28.
Bxe3 Rxh2 29. Bd2 Qc2 30. Qxd4 Rh1+ 31. Kf2 Qxd1 0-1

[Event "*** SCC Grand Prix: Titled Tuesday Blitz"]
[Site "Chess.com"]
[Date "2020.08.25"]
[Round "9"]
[White "Savva09022009"]
[Black "aNaartjieZA"]
[Result "0-1"]
[WhiteElo "2327"]
[BlackElo "2470"]
[TimeControl "180+1"]
[EndTime "11:47:11 PDT"]
[Termination "aNaartjieZA won by checkmate"]

1. e4 e6 2. d4 d5 3. Nc3 Bb4 4. e5 c5 5. a3 Bxc3+ 6. bxc3 Ne7 7. Ne2 b6 8. Nf4 Ba6 9. Bd3 Bxd3 10. Qxd3 Qc7 11.
O-O Nd7 12. Nh5 O-O-O 13. Nxg7 Rdg8 14. Nh5 cxd4 15. cxd4 Qc4 16. Qxc4+ dxc4 17. Nf4 b5 18.
Be3 Nb6 19. a4 Nxa4 20. d5 Nxd5 21. Nxd5 exd5 22. Bxa7 Kb7 23. Bd4 Rg4 24. c3 Rhg8 25. g3 h5 26. f3 R4g6 27. Kf2 h4 28. g4 Ra6 29. h3 Kc6 30. f4 b4 31. cxb4 Kb5 32. f5 c3 33. Rfc1 Rc8 34. Ke3 Rc4 35. Rc2 Rxb4 36. Rac1 Rc6 37. e6 fxe6 38. f6 e5 39. g5 Rxd4 40. Rf2 Re4+ 41. Kd3 Nc5+ 42. Kc2 Nd7 43. f7 Nf8 44. Rb1+ Rb4 45. Rxb4+ Kxb4 46. Rf1 d4 47. Rb1+ Kc4 48. Rb8 d3+ 49. Kc1 d2+ 50.
Kc2 Rd6 51. Rc8+ Kb5 52. Rxf8 d1=Q+ 53. Kxc3 Rd3+ 54. Kb2 Rb3+ 55. Ka2 Qb1# 0-1

[Event "*** SCC Grand Prix: Titled Tuesday Blitz"]
[Site "Chess.com"]
[Date "2020.08.25"]
[Round "9"]
[White "profofchess"]
[Black "Quiet_Desperation"]
[Result "1-0"]
[WhiteElo "2425"]
[BlackElo "2286"]
[TimeControl "180+1"]
[EndTime "11:47:12 PDT"]
[Termination "profofchess won by resignation"]

1. e4 e6 2. d4 d5 3. Nc3 Nf6 4. Bg5 Be7 5. e5 Nfd7 6. h4 O-O 7. Qg4 f5 8. exf6 Nxf6 9. Qg3 c5 10. dxc5 Nc6 11.
O-O-O Bd7 12. h5 Kh8 13. h6 g6 14. Nf3 Rc8 15. Bb5 Bxc5 16. Rhe1 Qb6 17. Bxc6 bxc6 18.
Qe5 Be7 19. Ne4 Qd8 20. Nxf6 Bxf6 21. Bxf6+ Qxf6 22. Qxf6+ Rxf6 23. Ne5 Be8 24. f3 Kg8 25.
Ng4 Rf4 26. Rxe6 Bd7 27. Re7 Bxg4 28. Rg7+ Kh8 29. fxg4 Re8 30. g5 Rf2 31. Rxa7 Rxg2 32. Rf1 d4 33. b3 d3 34. cxd3 Rxg5 35. Raf7 Kg8 36. Rg7+ Kh8 37. Re7 Rd8 38. Rff7 1-0

[Event "*** SCC Grand Prix: Titled Tuesday Blitz"]
[Site "Chess.com"]
[Date "2020.08.25"]
[Round "9"]
[White "chesstatour"]
[Black "stepanosinovsky"]
[Result "0-1"]
[WhiteElo "1942"]
[BlackElo "2369"]
[TimeControl "180+1"]
[EndTime "11:47:12 PDT"]
[Termination "stepanosinovsky won on time"]

1. c4 e5 2. Nc3 g6 3. Nf3 Bg7 4. d4 exd4 5. Nxd4 Nc6 6. Nc2 Nf6 7. g3 h5 8. h4 d6 9. Bg2 O-O 10. O-O Re8 11. Bg5 Ne5 12. Ne3 Be6 13. b3 Qd7 14.
Bxf6 Bxf6 15. Bxb7 Ng4 16. Bxa8 Nxe3 17. fxe3 Bxc3 18.
Rc1 Be5 19. Bd5 Bxg3 20. Qd4 Bxd5 21. Qxd5 Bxh4 22. Rf3 Re5 23. Qa8+ Kg7 24. Qxa7 Qg4+ 25. Kf1 Bf6 26. Qb7 Rg5 27. Ke1 h4 28. Kd2 h3 29. Rff1 h2 30. Rh1 Rh5 31. Rcf1 Qe6 32. Qf3 Qe5 33. Rb1 Qc3+ 0-1

[Event "*** SCC Grand Prix: Titled Tuesday Blitz"]
[Site "Chess.com"]
[Date "2020.08.25"]
[Round "9"]
[White "tylityli"]
[Black "ZverevLev"]
[Result "0-1"]
[WhiteElo "2202"]
[BlackElo "2355"]
[TimeControl "180+1"]
[EndTime "11:47:12 PDT"]
[Termination "ZverevLev won on time"]

1. d4 Nf6 2. c4 e6 3. Nc3 Bb4 4.
e3 O-O 5. Ne2 d5 6. cxd5 exd5 7.
a3 Bxc3+ 8. bxc3 c6 9. g3 Nbd7 10. Bg2 Qe7 11. O-O Re8 12. a4 Nf8 13. Ba3 Qc7 14.
Qd3 Ne6 15. c4 Ng5 16. Rfc1 Qd8 17. cxd5 cxd5 18. Nf4 Nge4 19. h3 g5 20. Ne2 Bf5 21.
Qb5 Rc8 22. Rxc8 Qxc8 23. Rc1 Qe6 24. g4 Bg6 25. Qxb7 Nxf2 26. Rc3 Nd1 27. Rb3 Bc2 28. Bc1 Bxb3 29. Qxb3 Nxe3 30. Bf3 Nc4 31. Bxg5 Ne4 32. Nf4 Qd6 33. Qd3 Nxg5 34. Bxd5 Qxf4 35. Bxc4 Nf3+ 36. Kg2 Ne1+ 0-1